Map: 썬더버드 - 래더

Players

Zest - Winner!

  • Race: Protoss Protoss
  • League: Master
  • Spawn Location: 5:00

llllllllllll (Stats)

  • Race: Protoss Protoss
  • League: Master
  • Spawn Location: 11:00

Event: HomeStory Cup XX

VOD

Have the link to the VOD?

Description

Time

  • Played on: Nov. 22, 2019, 4:44 a.m.
  • Length: 5:06

All games in this series

Show
View Real Time Build Order
Export as new Build Order

Zest Protoss - Winner!

Build Orders:  

Get SALT Encoding   

  12  0:00  Probe  
  13  0:12  Probe  
  14  0:17  Pylon  
  14  0:24  Probe  
  15  0:32  Probe  
  15  0:36  Gateway  
  15  0:40  Probe  
  16  0:45  Assimilator  
  17  0:51  Probe  
  17  0:54  Assimilator  
  18  0:59  Probe  
  19  1:07  Probe  
  19  1:09  Gateway  
  19  1:17  Probe  
  20  1:23  Cybernetics Core  
  21  1:29  Probe  
  22  1:36  Pylon  
  22  1:41  Probe  
  24  2:00  Warp Gate, Robotics Facility  
  24  2:07  Stalker  
  27  2:10  Stalker  
  27  2:12  Probe  
  28  2:22  Pylon  
  28  2:35  Immortal  
  28  2:37  Stalker  
  33  2:53  Sentry  
  33  2:57  Pylon  
  35  3:06  Warp Prism  
  35  3:15  Sentry  
  35  3:42  Immortal  
  39  3:49  Stalker x2  
  43  4:13  Sentry  
  43  4:14  Zealot  
  47  4:17  Pylon  
  47  4:23  Pylon  
  47  4:36  Stalker  
  47  4:37  Stalker  
  37  5:01  Adept x2  
Show
View Real Time Build Order
Export as new Build Order

llllllllllll Protoss 

Build Orders: Phoenix Opening 

Get SALT Encoding   

  12  0:00  Probe  
  13  0:12  Probe  
  14  0:18  Pylon  
  14  0:24  Probe  
  15  0:32  Probe  
  15  0:37  Gateway  
  15  0:40  Probe  
  16  0:46  Assimilator  
  17  0:51  Probe  
  17  0:54  Assimilator  
  18  1:00  Probe  
  19  1:07  Gateway  
  19  1:08  Probe  
  19  1:17  Probe  
  20  1:23  Cybernetics Core  
  21  1:29  Probe  
  22  1:33  Pylon  
  22  1:41  Probe  
  23  1:53  Probe  
  24  2:00  Stalker  
  24  2:01  Sentry  
  28  2:02  Warp Gate  
  28  2:06  Probe  
  29  2:11  Pylon  
  29  2:27  Shield Battery  
  29  2:30  Stalker  
  29  2:32  Sentry  
  29  2:37  Phoenix  
  33  2:44  Nexus  
  33  2:50  Shield Battery  
  33  3:00  Stalker, Sentry  
  37  3:09  Probe  
  37  3:10  Pylon  
  37  3:22  Robotics Facility  
  33  3:45  Gateway  
  33  3:47  Shield Battery  
  33  3:50  Stalker x2  
  37  4:01  Immortal  
  31  4:16  Stalker  
  37  4:18  Adept  
  39  4:27  Pylon  
  33  4:39  Adept x2  
  30  4:49  Adept  
  23  5:00  Adept  
Tags
 
Add a new tag
Caveats
  • Supply blocks, unpowered buildings, or Contaminate may cause inaccurate times.
  • Supply counts are checked every 10 seconds.